 Dungeon Crawl Stone Soup version 0.31.0-11-ge490571c62 (webtiles) character file.

Game seed: 14585009003342442305

258959 SnakkuSnakku7 the Severer (level 19, -3/155 HPs)
             Began as a Gnoll Cinder Acolyte on Feb 1, 2024.
             Was a High Priest of Okawaru.
             Killed from afar by Margery (50 damage)
             ... with a fireball
             ... on level 1 of the Vaults.
             The game lasted 01:11:40 (48257 turns).

SnakkuSnakku7 the Severer (Gnoll Cinder Acolyte)   Turns: 48257, Time: 01:11:41

Health: -3/155     AC: 35    Str: 22    XL:     19   Next: 88%
Magic:  0/37       EV: 14    Int: 19    God:    Okawaru [*****.]
Gold:   626        SH: 17    Dex:  9    Spells: 46/46 levels left

rFire   . . .        a - +2 broad axe (flame)
rCold   + . .        t - +0 tower shield
rNeg    + . .        T - +6 plate armour "Baitu Jaik" {Will+ Str+2 Int+3}
rPois   +            F - +2 helmet {Int+3}
rElec   .            E - +2 ratskin cloak {*Rats rPois rN+ Str-1 Int-1 Dex+1}
rCorr   .            j - +2 pair of gloves
SInv    .            W - +1 pair of boots "Epluvois" {Harm rC+ Will+}
Will    +++..        x - amulet of guardian spirit
Stlth   +            p - +4 ring of slaying
HPRegen 0.45/turn    J - +5 ring of evasion
MPRegen 0.25/turn

%: harm (+30% outgoing, +20% incoming), guardian spirit
@: finesse-ful
A: fangs 1, strong nose, distributed training
}: 2/15 runes: decaying, gossamer
a: Renounce Religion, Heroism, Finesse, Duel


You were on level 1 of the Vaults.
You worshipped Okawaru.
Okawaru was extremely pleased with you.
You visited 7 branches of the dungeon, and saw 33 of its levels.
You also visited: Sewer.

You collected 3422 gold pieces.
You spent 2796 gold pieces at shops.

Inventory:

Hand Weapons
 a - a +2 broad axe of flaming (weapon)
 b - the +8 demon trident "Rift" {distort, reach+}
   (You took it off an arcanist on level 1 of the Vaults)
Missiles
 z - 24 javelins
 O - 21 curare-tipped darts
 U - 4 silver javelins (quivered)
Armour
 j - a +2 pair of gloves (worn)
 t - a +0 tower shield (worn)
 D - the +5 plate armour "Oclionka" {*Slow rElec Str+6 Int+3}
   (You took it off an orc warrior on level 5 of the Dungeon)

   Str+6:     It affects your strength (+6).
   Int+3:     It affects your intelligence (+3).
   rElec:     It insulates you from electricity.
   *Slow:     It may slow you when you take damage.
 E - the +2 ratskin cloak (worn) {*Rats rPois rN+ Str-1 Int-1 Dex+1}
   (You found it on level 4 of the Dungeon)

   *Rats:     When the wearer is hurt, rats may emerge from it to assist them.
   Str-1:     It affects your strength (-1).
   Int-1:     It affects your intelligence (-1).
   Dex+1:     It affects your dexterity (+1).
   rPois:     It protects you from poison rN+: It protects you from negative
   energy.
 F - a +2 helmet of intelligence (worn)
 P - a +0 buckler of protection
 T - the +6 plate armour "Baitu Jaik" (worn) {Will+ Str+2 Int+3}
   (Okawaru gifted it to you on level 2 of the Spider Nest)

   Str+2:     It affects your strength (+2).
   Int+3:     It affects your intelligence (+3).
   Will+:     It increases your willpower.
 W - the +1 pair of boots "Epluvois" (worn) {Harm rC+ Will+}
   (You found it on level 2 of the Spider Nest)

   rC+:       It protects you from cold.
   Will+:     It increases your willpower.
   Harm:      It increases damage dealt and taken.
Jewellery
 p - a +4 ring of slaying (left hand)
 w - a ring of protection from cold
 x - an amulet of guardian spirit (around neck)
 B - a ring of protection from fire
 J - a +5 ring of evasion (right hand)
 L - a ring of resist corrosion
 N - a ring of flight
 Q - a ring of fire
Wands
 k - a wand of polymorph (14)
 n - a wand of digging (12)
 y - a wand of flame (30)
 I - a wand of roots (16)
 Y - a wand of paralysis (37)
Scrolls
 e - 12 scrolls of teleportation
 f - a scroll of enchant armour
 g - 5 scrolls of fog
 m - 2 scrolls of poison
 v - 4 scrolls of vulnerability
 C - 4 scrolls of immolation
 K - 3 scrolls of revelation
 R - a scroll of brand weapon
 X - 4 scrolls of identify
Potions
 c - 3 potions of enlightenment
 d - 11 potions of lignification
 h - 6 potions of might
 i - 6 potions of brilliance
 l - 7 potions of mutation
 o - 5 potions of curing
 q - 10 potions of haste
 r - 4 potions of invisibility
 s - a potion of magic
 u - a potion of cancellation
 A - 2 potions of heal wounds
 G - 8 potions of ambrosia
 H - 3 potions of attraction
 V - a potion of berserk rage
Miscellaneous
 M - a phial of floods
 S - a condenser vane


   Skills:
 + Level 15.1 Fighting
 + Level 13.8 Short Blades
 + Level 13.8 Long Blades
 + Level 15.1 Axes
 + Level 13.8 Maces & Flails
 + Level 13.8 Polearms
 + Level 13.8 Staves
 + Level 13.8 Ranged Weapons
 + Level 13.8 Throwing
 + Level 13.8 Armour
 + Level 13.8 Dodging
 + Level 13.8 Stealth
 + Level 13.8 Shields
 + Level 13.8 Unarmed Combat
 + Level 14.1 Spellcasting
 + Level 11.7 Conjurations
 + Level 11.7 Hexes
 + Level 11.7 Summonings
 + Level 11.7 Necromancy
 + Level 11.7 Translocations
 + Level 12.9 Fire Magic
 + Level 11.7 Ice Magic
 + Level 11.7 Air Magic
 + Level 11.7 Earth Magic
 + Level 11.7 Alchemy
 + Level 15.0 Invocations
 + Level 13.8 Evocations
 + Level 12.7 Shapeshifting


You had 46 spell levels left.
You didn't know any spells.
Your spell library contained the following spells:

 Spells                   Type           Power      Damage    Failure   Level
 Freeze                   Ice            100%       1d10      1%          1
 Kiss of Death            Conj/Necr      100%       2d13      1%          1
 Magic Dart               Conj           100%       1d8       1%          1
 Sandblast                Erth           100%       2d20      1%          1
 Shock                    Conj/Air       100%       1d9       1%          1
 Ensorcelled Hibernation  Hex/Ice        100%       N/A       1%          2
 Scorch                   Fire           100%       2d9       1%          2
 Searing Ray              Conj           100%       2d8       1%          2
 Volatile Blastmotes      Fire/Tloc      100%       2d18      2%          3
 Frozen Ramparts          Ice            100%       1d16      3%          3
 Hailstorm                Conj/Ice       55%        3d11      3%          3
 Passwall                 Erth           55%        N/A       3%          3
 Stone Arrow              Conj/Erth      100%       3d13      3%          3
 Swiftness                Air            55%        N/A       3%          3
 Flame Wave               Conj/Fire      57%        2d14      9%          4
 Airstrike                Air            27%        2d(4-20)  11%         4
 Anguish                  Hex/Necr       27%        N/A       11%         4
 Brom's Barrelling Bould  Conj/Erth      55%        2d7       11%         4
 Cause Fear               Hex            27%        N/A       11%         4
 Fulminant Prism          Conj/Alch      27%        3d14      11%         4
 Iskenderun's Mystic Bla  Conj/Tloc      55%        2d12      11%         4
 Leda's Liquefaction      Alch/Erth      27%        N/A       11%         4
 Olgreb's Toxic Radiance  Alch           55%        N/A       11%         4
 Passage of Golubria      Tloc           55%        N/A       11%         4
 Petrify                  Alch/Erth      55%        N/A       11%         4
 Iskenderun's Battlesphe  Conj           55%        2d11      30%         5
 Metabolic Englaciation   Hex/Ice        27%        N/A       30%         5
 Silence                  Hex/Air        27%        N/A       30%         5
 Yara's Violent Unravell  Hex/Alch       27%        3d12      30%         5
 Bombard                  Conj/Erth      27%        9d5       86%         6
 Conjure Ball Lightning   Conj/Air       27%        3x3d8     86%         6
 Eringya's Noxious Bog    Alch           27%        4d6       86%         6
 Enfeeble                 Hex            27%        N/A       100%        7
 Ozocubu's Refrigeration  Ice            27%        4d13      100%        7
 Discord                  Hex            27%        N/A       100%        8
 Disjunction              Tloc           27%        N/A       100%        8
 Lehudib's Crystal Spear  Conj/Erth      27%        10d7      100%        8
 Call Imp                 Summ           Unusable   N/A       N/A         2
 Tukima's Dance           Hex            Unusable   N/A       N/A         3
 Summon Forest            Summ/Tloc      Unusable   N/A       N/A         5
 Summon Cactus Giant      Summ           Unusable   N/A       N/A         6
 Spellforged Servitor     Conj/Summ      Unusable   N/A       N/A         7
 Summon Hydra             Summ           Unusable   N/A       N/A         7

Dungeon Overview and Level Annotations

Branches:
Dungeon (15/15)            Temple (1/1) D:5            Lair (5/5) D:8
  Swamp (4/4) Lair:3       Spider (4/4) Lair:2        Slime (0/5) Lair:5
    Orc (2/2) D:9             Elf (0/3) Orc:2        Vaults (2/5) D:13
 Depths (0/4) D:15          Sewer (visited)
  Crypt: Vaults:2-3

Altars:
Ashenzari
Cheibriados
Dithmenos
Elyvilon
Fedhas
Gozag
Hepliaklqana
Kikubaaqudgha
Makhleb
Nemelex Xobeh
Okawaru
Qazlal
Ru
Sif Muna
Trog
Uskayaw
Vehumet
Wu Jian
Xom
Yredelemnul
Zin
The Shining One

Shops:
D:2 [   D:11 (   Orc:2 !=((   Vaults:1 *!

Annotations:
Lair:3 Rupert
Swamp:1 Roxanne
Spider:4 2 runed translucent doors, Qyadack's ghost, adept HOFi
Vaults:1 Margery


Innate Abilities, Weirdness & Mutations

You have very sharp teeth.
Your uncanny sense of smell can sniff out nearby items.
Your experience applies equally to all skills.


Message History

You slice Margery!! You burn Margery.
Margery is lightly wounded.
You hit the deep troll. You burn the deep troll.
You kill the deep troll!
Okawaru accepts your kill.
The troll leather armour is intact enough to wear.
You slash Margery! You burn Margery.
Margery is moderately wounded.
Margery barely misses you.
You closely miss Margery.
Margery is moderately wounded.
You slash Margery! You bite Margery, but do no damage.
Margery is moderately wounded.
You block Margery's attack.
You slice Margery!!
Margery is heavily wounded.
You closely miss Margery.
Margery is heavily wounded.
You block Margery's attack.
You slash Margery! You burn Margery. You bite Margery, but do no damage.
Margery is heavily wounded.
You slash Margery! You burn Margery.
Margery is severely wounded.
Margery casts a spell at you. The bolt of fire hits you!!
You slice Margery!!
Margery is severely wounded.
You slice Margery!! You burn Margery. You bite Margery, but do no damage.
Margery is almost dead.
Margery screams, "Death is my middle name!"
Margery hits you with a +0 demon blade of flaming!
Margery burns you.
* * * LOW HITPOINT WARNING * * *
You hit Margery but do no damage.
Margery is almost dead.
You barely miss Margery. You bite Margery, but do no damage.
Margery is almost dead.
Margery points at you and mumbles some strange words.
The fireball explodes!
The fireball engulfs you!!!
You die...

#..#......###'#''##
#..#########......#
#### #......#
#......# #).....#
##### #......#
....# #......#
....# #...[[)#
....# #....@†#
....# #....[@#
'...# #......#
'...# #......#
'...# ########
....# ....# ....#
############
....###..........##


You could see Margery.

Vanquished Creatures
  the Lernaean hydra (Swamp:4)
  Jorgrun (Lair:3)
  A tentacled monstrosity (Swamp:2)
  The ghost of Nomoy the Severer, an adept NaFi of Ignis (Swamp:1)
  Aizul (Arena)
  A tengu reaver (Vaults:1)
  Donald (Vaults:1)
  A fenstrider witch (Swamp:3)
  7 emperor scorpions
  3 vault wardens (Vaults:1)
  4 ghost moths
  8 ironbound preservers
  A very ugly thing (Vaults:1)
  3 orc warlords
  2 ironbound thunderhulks (Vaults:1)
  2 broodmothers
  A dire elephant (Vaults:1)
  2 eleionomae
  7 bunyips
  A war gargoyle (Vaults:1)
  Azrael (D:15)
  2 spark wasps
  Snorg (D:9)
  2 shambling mangroves
  A fire dragon (D:15)
  8 entropy weavers
  A yaktaur captain (Vaults:1)
  18 hydras
  A deep elf high priest (Vaults:1)
  2 vault guards (D:13)
  2 jorogumos (Spider:2)
  Fannar (Orc:1)
  2 ghost crabs
  Erolcha (D:11)
  3 radroaches
  A death knight (D:14)
  2 catoblepae
  11 centaur warriors
  18 alligators
  10 boulder beetles
  2 ironbound frosthearts
  7 demonic crawlers
  A two-headed ogre (D:10)
  A tengu warrior (D:13)
  3 deep troll earth magi
  5 orc high priests
  Sonja (Orc:1)
  A skyshark (Lair:5)
  7 goliath frogs
  4 pharaoh ants
  2 sea snakes
  4 deep trolls
  A glowing orange brain (Vaults:2)
  6 skeletal warriors
  3 bog bodies
  3 spriggan druids
  A sun moth (Spider:2)
  9 orb spiders
  3 arcanists (Vaults:1)
  15 swamp dragons
  2 lindwurms (Vaults:1)
  11 ironbound convokers
  2 deep elf pyromancers (D:13)
  4 steelbarb worms
  A phantasmal warrior (Vaults:1)
  13 orc knights
  4 harpies
  6 manticores
  6 orc sorcerers
  5 will-o-the-wisps
  8 ugly things
  3 cyclopes
  3 meliai (Spider:1)
  19 wolf spiders
  3 black mambas
  2 moths of wrath
  3 kobold blastminers (Orc:2)
  7 elephants
  6 vault sentinels (Vaults:1)
  10 cane toads
  2 gargoyles
  6 torpor snails
  3 unseen horrors
  9 komodo dragons
  A kobold demonologist (D:13)
  8 rime drakes
  4 freezing wraiths (D:15)
  2 tengu conjurers (D:13)
  7 yaktaurs (Vaults:1)
  4 polar bears
  8 tyrant leeches
  8 trolls
  The ghost of stipulation the Dealer of Despair, a novice VSNe of Kikubaaqudgha (D:5)
  28 hornets
  Prince Ribbit (D:5)
  A glass eye (Lair:5)
  26 blink frogs
  28 tarantellas
  The ghost of SuperJoe the Changeling, an amateur OpSh (D:4)
  21 slime creatures
  17 jumping spiders
  3 shadows
  22 culicivoras
  7 wyverns
  8 spriggans
  Sigmund (D:2)
  9 fire elementals
  9 wraiths
  88 yaks
  4 basilisks
  5 steam dragons
  A warg (Orc:2)
  65 redbacks
  A death yak simulacrum (Lair:5)
  11 vampire mosquitoes
  Menkaure (D:5)
  15 swamp worms
  2 acid dragons
  12 water moccasins
  4 hell hounds
  5 swamp drakes
  53 orc warriors
  4 ice beasts
  The ghost of aaron the Cudgeller, an amateur TrGl (D:4)
  5 ogres
  2 sky beasts
  A black bear (D:8)
  11 wolves
  The ghost of Gadfly the Insei, an amateur DsMo (D:4)
  A boggart (Vaults:1)
  20 centaurs
  A wolf (shapeshifter) (D:15)
  6 kobold brigands
  A phantom (D:7)
  Blork the orc (D:5)
  14 bullfrogs
  6 scorpions
  A cane toad simulacrum (Lair:5)
  5 wights (D:9)
  An elephant simulacrum (Lair:5)
  4 electric eels
  3 howler monkeys (D:9)
  4 bombardier beetles
  3 hounds
  26 orc priests
  2 jellies
  A gnoll bouda (D:9)
  2 iguanas
  20 orc wizards
  4 hell rats (Lair:2)
  Robin (D:1)
  7 gnolls
  11 adders
  4 river rats (Sewer)
  2 shadow imps (D:7)
  3 white imps
  2 ufetubi (D:5)
  2 ribbon worms
  A dart slug (D:4)
  106 orcs
  5 endoplasms
  8 giant cockroaches
  16 goblins
  7 hobgoblins
  6 jackals (D:3)
  5 quokkas
  10 ball pythons
  2 bats
  5 frilled lizards
  24 kobolds
  31 rats
  A butterfly (Lair:4)
  A spectral weapon (Swamp:2)
1257 creatures vanquished.

Vanquished Creatures (collateral kills)
  2 hydras
  A merfolk avatar (Lair:5)
  A boulder beetle (Lair:4)
  A two-headed ogre (D:8)
  An orc knight (Orc:1)
  A harpy (Lair:5)
  2 cane toads
  The ghost of TheRegalBeagle the Chopper, an amateur DrFi of Hepliaklqana (D:4)
  A blink frog (Lair:4)
  4 yaks
  2 orc warriors
  A wolf (Lair:1)
  A centaur (Orc:2)
  A bullfrog (Lair:4)
  A scorpion (Lair:2)
  An orc wizard (Orc:1)
22 creatures vanquished.

Vanquished Creatures (others)
  An orb spider (Spider:4)
  4 bloated husks
  A swamp drake (Swamp:1)
  An ogre (D:7)
  An orc warrior (Orc:1)
  A black bear (D:7)
  A scorpion (D:7)
  2 orc wizards
  3 orcs
  86 foxfires
101 creatures vanquished.

Grand Total: 1380 creatures vanquished

Notes
Turn   | Place    | Note
-------+----------+-------------------------------------------
     0 | D:1      | SnakkuSnakku7 the Gnoll Cinder Acolyte began the quest for
                  | the Orb.
     0 | D:1      | Reached XP level 1. HP: 23/23 MP: 4/4
   264 | D:1      | Reached XP level 2. HP: 29/29 MP: 5/5
   916 | D:2      | Reached XP level 3. HP: 33/35 MP: 7/7
  1041 | D:2      | Noticed Sigmund
  1045 | D:2      | Reached skill level 1 in Invocations
  1149 | D:2      | Noticed Robin
  1155 | D:1      | Reached skill level 1 in Short Blades
  1155 | D:1      | Reached skill level 1 in Long Blades
  1155 | D:1      | Reached skill level 1 in Maces & Flails
  1155 | D:1      | Reached skill level 1 in Polearms
  1155 | D:1      | Reached skill level 1 in Staves
  1155 | D:1      | Reached skill level 1 in Ranged Weapons
  1155 | D:1      | Reached skill level 1 in Throwing
  1155 | D:1      | Reached skill level 1 in Armour
  1155 | D:1      | Reached skill level 1 in Dodging
  1155 | D:1      | Reached skill level 1 in Stealth
  1155 | D:1      | Reached skill level 1 in Shields
  1155 | D:1      | Reached skill level 1 in Unarmed Combat
  1155 | D:1      | Reached skill level 1 in Evocations
  1186 | D:1      | Killed Robin
  1187 | D:1      | Reached skill level 1 in Shapeshifting
  1187 | D:1      | Reached XP level 4. HP: 18/41 MP: 8/8
  1279 | D:2      | Reached skill level 1 in Conjurations
  1279 | D:2      | Reached skill level 1 in Hexes
  1279 | D:2      | Reached skill level 1 in Summonings
  1279 | D:2      | Reached skill level 1 in Necromancy
  1279 | D:2      | Reached skill level 1 in Translocations
  1279 | D:2      | Reached skill level 1 in Ice Magic
  1279 | D:2      | Reached skill level 1 in Air Magic
  1279 | D:2      | Reached skill level 1 in Earth Magic
  1279 | D:2      | Reached skill level 1 in Alchemy
  1429 | D:2      | Found Javvom's Antique Armour Shoppe.
  1675 | D:2      | Killed Sigmund
  1676 | D:2      | Reached XP level 5. HP: 45/47 MP: 8/10
  1676 | D:2      | Reached XP level 6. HP: 51/53 MP: 8/11
  1821 | D:3      | You fall into a shaft and drop 2 floors!
  1821 | D:5      | Entered Level 5 of the Dungeon
  1822 | D:5      | Found a glowing drain.
  1822 | D:5      | Noticed Prince Ribbit
  1833 | D:5      | Killed Prince Ribbit
  1834 | D:5      | Reached XP level 7. HP: 14/60 MP: 12/12
  1936 | Sewer    | Entered a sewer
  2475 | D:5      | Noticed Menkaure
  2599 | D:5      | Reached XP level 8. HP: 58/67 MP: 14/14
  2599 | D:5      | Noticed Blork the orc
  2606 | D:5      | Killed Blork the orc
  3738 | D:3      | Identified the +1 robe "Qotariaqo" {Harm}
  3773 | D:3      | Found a broken altar of Ashenzari.
  3841 | D:3      | Found a faded altar of an unknown god.
  3874 | D:3      | Found a transporter.
  3929 | D:3      | Found a transporter.
  4753 | D:4      | Reached XP level 9. HP: 73/73 MP: 16/16
  5039 | D:3      | Reached skill level 5 in Spellcasting
  5166 | D:2      | Bought a shiny chain mail for 157 gold pieces
  5402 | D:4      | Found the +2 ratskin cloak {*Rats rPois rN+ Str-1 Int-1
                  | Dex+1}
  5502 | D:4      | Found a runed translucent gate.
  5503 | D:4      | Found a runed translucent gate.
  5504 | D:4      | Found a runed translucent gate.
  5505 | D:4      | Noticed TheRegalBeagle's ghost (amateur DrFi)
  5505 | D:4      | Noticed Gadfly's ghost (amateur DsMo)
  5505 | D:4      | Noticed SuperJoe's ghost (amateur OpSh)
  5505 | D:4      | Noticed aaron's ghost (amateur TrGl)
  5642 | D:5      | Found a staircase to the Ecumenical Temple.
  5729 | D:5      | Killed Menkaure
  6077 | D:6      | Found a shimmering blue altar of Sif Muna.
  6077 | D:6      | Found a white marble altar of Elyvilon.
  6338 | D:6      | Found a sparkling altar of Nemelex Xobeh.
  6407 | D:6      | Found a runed translucent gate.
  6407 | D:6      | Found a runed translucent gate.
  6407 | D:6      | Found a runed translucent gate.
  6416 | D:6      | Identified the +5 plate armour "Oclionka" {*Slow rElec
                  | Str+6 Int+3}
  6610 | D:6      | Found a glowing silver altar of Zin.
  6723 | D:6      | Noticed stipulation's ghost (novice VSNe)
  6886 | D:5      | Reached skill level 5 in Invocations
  6913 | D:5      | Killed stipulation's ghost
  7080 | D:4      | Killed aaron's ghost
  7081 | D:4      | Killed SuperJoe's ghost
  7087 | D:4      | Killed Gadfly's ghost
  7088 | D:4      | Reached skill level 5 in Short Blades
  7088 | D:4      | Reached skill level 5 in Long Blades
  7088 | D:4      | Reached skill level 5 in Maces & Flails
  7088 | D:4      | Reached skill level 5 in Polearms
  7088 | D:4      | Reached skill level 5 in Staves
  7088 | D:4      | Reached skill level 5 in Ranged Weapons
  7088 | D:4      | Reached skill level 5 in Throwing
  7088 | D:4      | Reached skill level 5 in Armour
  7088 | D:4      | Reached skill level 5 in Dodging
  7088 | D:4      | Reached skill level 5 in Stealth
  7088 | D:4      | Reached skill level 5 in Shields
  7088 | D:4      | Reached skill level 5 in Unarmed Combat
  7088 | D:4      | Reached skill level 5 in Evocations
  7088 | D:4      | Reached XP level 10. HP: 59/81 MP: 14/18
  7089 | D:4      | Killed TheRegalBeagle's ghost
  7184 | D:7      | Found an ancient bone altar of Kikubaaqudgha.
  7199 | D:7      | Found a shimmering altar of Xom.
  8218 | D:8      | Reached skill level 5 in Shapeshifting
  8811 | D:8      | Noticed a two-headed ogre
  8818 | D:8      | Killed a two-headed ogre
  9126 | D:8      | Reached skill level 5 in Conjurations
  9126 | D:8      | Reached skill level 5 in Hexes
  9126 | D:8      | Reached skill level 5 in Summonings
  9126 | D:8      | Reached skill level 5 in Necromancy
  9126 | D:8      | Reached skill level 5 in Translocations
  9126 | D:8      | Reached skill level 5 in Ice Magic
  9126 | D:8      | Reached skill level 5 in Air Magic
  9126 | D:8      | Reached skill level 5 in Earth Magic
  9126 | D:8      | Reached skill level 5 in Alchemy
  9126 | D:8      | Reached XP level 11. HP: 55/89 MP: 15/21
  9336 | D:8      | Found a staircase to the Lair.
  9413 | D:9      | Found a staircase to the Orcish Mines.
  9453 | D:9      | Found a bloodstained altar of Trog.
  9575 | D:9      | Found a basalt altar of Yredelemnul.
 10149 | D:10     | Entered Level 10 of the Dungeon
 10273 | D:10     | Noticed a two-headed ogre
 10394 | D:10     | Found an ornate altar of the Wu Jian Council.
 10483 | D:10     | Killed a two-headed ogre
 10852 | Lair:1   | Entered Level 1 of the Lair of Beasts
 10953 | Lair:1   | Reached XP level 12. HP: 92/97 MP: 23/23
 11145 | Lair:1   | Reached skill level 10 in Fighting
 11145 | Lair:1   | Reached skill level 10 in Axes
 11588 | Lair:2   | Identified the +5 rapier "Asuloeph" {antimagic, *Noise
                  | rN++}
 11686 | Lair:2   | Found a hole to the Spider Nest.
 11961 | Lair:2   | Noticed an eight-headed hydra
 12171 | Lair:2   | Killed a two-headed hydra
 12463 | Lair:3   | Noticed a six-headed hydra
 12561 | Lair:3   | Reached XP level 13. HP: 104/104 MP: 25/25
 12626 | Lair:3   | Noticed Rupert
 13443 | Lair:3   | Found a staircase to the Swamp.
 14756 | Lair:4   | Reached XP level 14. HP: 111/113 MP: 27/27
 14764 | Lair:4   | Reached skill level 10 in Invocations
 15055 | Lair:5   | Entered Level 5 of the Lair of Beasts
 15307 | Lair:5   | Found a staircase to the Slime Pits.
 15427 | Lair:5   | Found a frozen archway.
 15680 | Lair:5   | Reached skill level 10 in Spellcasting
 17712 | D:11     | Reached skill level 10 in Fire Magic
 17837 | D:11     | Noticed Erolcha
 17847 | D:11     | Killed Erolcha
 18104 | D:11     | Found Perchukhlo's Weapon Shop.
 18455 | D:10     | Reached skill level 10 in Short Blades
 18455 | D:10     | Reached skill level 10 in Long Blades
 18455 | D:10     | Reached skill level 10 in Maces & Flails
 18455 | D:10     | Reached skill level 10 in Polearms
 18455 | D:10     | Reached skill level 10 in Staves
 18455 | D:10     | Reached skill level 10 in Ranged Weapons
 18455 | D:10     | Reached skill level 10 in Throwing
 18455 | D:10     | Reached skill level 10 in Armour
 18455 | D:10     | Reached skill level 10 in Dodging
 18455 | D:10     | Reached skill level 10 in Stealth
 18455 | D:10     | Reached skill level 10 in Shields
 18455 | D:10     | Reached skill level 10 in Unarmed Combat
 18455 | D:10     | Reached skill level 10 in Evocations
 18654 | Orc:1    | Entered Level 1 of the Orcish Mines
 18654 | Orc:1    | Noticed Snorg
 18655 | Orc:1    | Paralysed by an orc sorcerer for 2 turns
 18676 | D:9      | Killed Snorg
 18808 | D:9      | Reached XP level 15. HP: 102/120 MP: 24/29
 18912 | Orc:1    | Noticed Fannar
 19244 | Orc:2    | Entered Level 2 of the Orcish Mines
 20218 | Orc:2    | Paralysed by an orc sorcerer for 5 turns
 20838 | Orc:2    | Found Saemulev's Antique Weapon Shop.
 20839 | Orc:2    | Found Woutireu's Jewellery Shoppe.
 20839 | Orc:2    | Found Simyxev's Antique Weapon Boutique.
 20842 | Orc:2    | Found Gumuc Uku's Distillery.
 20854 | Orc:2    | Bought a potion of curing for 39 gold pieces
 20854 | Orc:2    | Bought a potion of lignification for 39 gold pieces
 20854 | Orc:2    | Bought a potion of might for 52 gold pieces
 20854 | Orc:2    | Bought a potion of attraction for 39 gold pieces
 20996 | Orc:2    | Found a staircase to the Elven Halls.
 21281 | Orc:2    | Bought a +4 ring of slaying for 1170 gold pieces
 21491 | Orc:1    | Killed Fannar
 21564 | Orc:1    | Noticed an orc warlord
 21607 | Orc:2    | Killed an orc warlord
 22123 | Orc:1    | Noticed Sonja
 22265 | Orc:1    | Killed Sonja
 22670 | Orc:2    | Bought a +5 ring of evasion for 540 gold pieces
 23369 | Temple   | Entered the Ecumenical Temple
 23381 | Temple   | Fell from the grace of Ignis
 23381 | Temple   | Became a worshipper of Warmaster Okawaru
 23928 | D:13     | You fall into a shaft and drop 2 floors!
 23928 | D:15     | Entered Level 15 of the Dungeon
 24017 | D:15     | Reached * piety under Okawaru
 24431 | D:13     | Found a gate to the Vaults.
 24621 | D:13     | Reached ** piety under Okawaru
 24726 | D:13     | Noticed an orc warlord
 24769 | D:13     | Killed an orc warlord
 24770 | D:13     | Reached skill level 10 in Shapeshifting
 24904 | D:13     | Reached XP level 16. HP: 69/129 MP: 19/31
 24958 | D:13     | Reached *** piety under Okawaru
 25081 | D:13     | Paralysed by an orc knight for 5 turns
 25163 | D:13     | You fall into a shaft and drop 2 floors!
 25268 | D:13     | Got Sif Muna's Codex of Supportive Arcane Combat
 25917 | D:14     | You fall into a shaft and drop 1 floor!
 25917 | D:15     | Was forgiven by Ignis
 26272 | D:15     | Reached **** piety under Okawaru
 26399 | D:15     | Noticed Azrael
 26634 | D:15     | Killed Azrael
 27212 | D:15     | Reached ***** piety under Okawaru
 27229 | D:15     | Found a staircase to the Depths.
 27808 | Spider:1 | Entered Level 1 of the Spider Nest
 29629 | Spider:1 | Received a gift from Okawaru
 30894 | Spider:2 | Found a transporter.
 30916 | Spider:2 | Found a transporter.
 31415 | Spider:1 | Reached XP level 17. HP: 115/136 MP: 28/33
 31839 | Spider:2 | Reached skill level 10 in Conjurations
 31839 | Spider:2 | Reached skill level 10 in Hexes
 31839 | Spider:2 | Reached skill level 10 in Summonings
 31839 | Spider:2 | Reached skill level 10 in Necromancy
 31839 | Spider:2 | Reached skill level 10 in Translocations
 31839 | Spider:2 | Reached skill level 10 in Ice Magic
 31839 | Spider:2 | Reached skill level 10 in Air Magic
 31839 | Spider:2 | Reached skill level 10 in Earth Magic
 31839 | Spider:2 | Reached skill level 10 in Alchemy
 31839 | Spider:2 | Got the +1 pair of boots "Epluvois" {Harm rC+ Will+}
 32035 | Spider:2 | Reached ****** piety under Okawaru
 32057 | Spider:2 | HP: 1/137 [burnt (15)]
 32504 | Spider:2 | Received a gift from Okawaru
 32544 | Spider:2 | Acquired the +6 plate armour "Baitu Jaik" {Will+ Str+2
                  | Int+3}
 32544 | Spider:2 | Received a gift from Okawaru
 33483 | Spider:3 | Received a gift from Okawaru
 34227 | Spider:4 | Entered Level 4 of the Spider Nest
 34423 | Spider:4 | Received a gift from Okawaru
 35033 | Spider:4 | Found a large runed translucent door.
 35033 | Spider:4 | Found a large runed translucent door.
 35290 | Spider:4 | Noticed Qyadack's ghost (adept HOFi)
 36212 | Spider:4 | Reached XP level 18. HP: 108/146 MP: 1/34
 37065 | Spider:4 | Received a gift from Okawaru
 37168 | Spider:4 | Got a gossamer rune of Zot
 37322 | Swamp:1  | Entered Level 1 of the Swamp
 37380 | Swamp:1  | Noticed Jorgrun
 37504 | Lair:3   | Killed Jorgrun
 38930 | Swamp:1  | Noticed Roxanne
 39024 | Swamp:1  | Found a runed translucent gate.
 39024 | Swamp:1  | Found a runed translucent gate.
 39024 | Swamp:1  | Found a runed translucent gate.
 39026 | Swamp:1  | Noticed Nomoy's ghost (adept NaFi)
 39268 | Swamp:1  | Identified the +2 robe "Pymeysm" {rElec rN++ Int+3 Stlth+}
 40373 | Swamp:2  | Received a gift from Okawaru
 40373 | Swamp:2  | Identified the serpent talisman of Knowledge {rC++ rN+++
                  | Slay-4}
 40373 | Swamp:2  | Noticed Aizul
 40376 | Arena    | Entered the Arena
 40397 | Arena    | Killed Aizul
 40807 | Swamp:2  | Noticed a tentacled monstrosity
 40818 | Swamp:2  | Killed a tentacled monstrosity
 42612 | Swamp:4  | Entered Level 4 of the Swamp
 43443 | Swamp:4  | Identified the +3 scale mail of Vampiric Thralls {rCorr
                  | Int+3}
 43493 | Swamp:4  | Received a gift from Okawaru
 43757 | Swamp:4  | Noticed the 27-headed Lernaean hydra
 43785 | Swamp:4  | Killed the 19-headed Lernaean hydra
 44034 | Swamp:4  | Reached XP level 19. HP: 136/153 MP: 36/36
 44411 | Swamp:4  | Got a decaying rune of Zot
 45066 | Swamp:1  | Killed Nomoy's ghost
 45374 | Vaults:1 | Entered Level 1 of the Vaults
 45415 | Vaults:1 | Received a gift from Okawaru
 46377 | Vaults:1 | Found Hiyxko's Distillery.
 46377 | Vaults:1 | Found Amaf's Assorted Antiques.
 46377 | Vaults:1 | Identified the +8 spear "Yphotuk" {holy, rF++ rC- Will+
                  | Stlth+}
 46769 | Vaults:1 | Reached skill level 15 in Fighting
 46769 | Vaults:1 | Reached skill level 15 in Axes
 47013 | Vaults:1 | Bought a peridot ring for 140 gold pieces
 47020 | Vaults:1 | Bought a potion of heal wounds for 100 gold pieces
 47020 | Vaults:1 | Bought a potion of haste for 200 gold pieces
 47020 | Vaults:1 | Bought a potion of curing for 60 gold pieces
 47020 | Vaults:1 | Bought a potion of haste for 200 gold pieces
 47020 | Vaults:1 | Bought a potion of curing for 60 gold pieces
 47046 | Vaults:1 | Received a gift from Okawaru
 47797 | Vaults:1 | Identified the +8 mace "Kuyddeeg" {antimagic, rF+}
 48147 | Vaults:2 | Noticed Donald
 48221 | Vaults:1 | Received a gift from Okawaru
 48223 | Vaults:1 | Killed Donald
 48240 | Vaults:2 | Reached skill level 15 in Invocations
 48241 | Vaults:2 | Noticed Margery
 48257 | Vaults:1 | Killed from afar by Margery

Illustrated notes

Levels and vault maps discovered:
D:1:      nicolae_arrival_memento_mori, layout_loops_corners
D:2:      layout_rooms, serial_shops, nicolae_shop_statue_plus, uniq_sigmund,
          uniq_robin
D:3:      gammafunk_steamed_eel, layout_loops_ring,
          ashenzari_conservatory_becter, hellmonk_ecumenical_altar_lost_god,
          minmay_tree_intersection, kennysheep_another_room
D:4:      kennysheep_six_static_rooms, layout_rooms, gammafunk_ghost_cemetery,
          serial_co_window_serial, co_window_paths_b, co_window_paths_a,
          co_window_corner_a, co_window_corner_a, co_window_corner_a,
          co_window_paths_c, co_window_paths_c, co_window_corner_cb,
          co_window_of_opportunity_b, co_window_paths_e, glass_columns_b,
          glass_columns_a, glass_columns_a, glass_columns_a
D:5:      layout_cave_pools, minmay_temple_entry_stoned_glass,
          portal_sewer_entry_f, uniq_blork_the_orc, uniq_prince_ribbit1,
          uniq_menkaure
D:6:      layout_loops_cross, zin_statuary, nemelex_xobeh_ov_fountains_minmay,
          gammafunk_temple_overflow_elements, biasface_ghost_orc_armoury,
          ebering_dispersal_statue_hall, roderic_st_hans_cross,
          reono_crystal_passage
D:7:      layout_loops_corners, kiku_gazebo_pond_becter, xom_confusion_cloud
D:8:      layout_gridville, erik_lair_dragon, centaur_isle
D:9:      layout_basic, yredelemnul_altar_generic, amcnicky_altar_gilded,
          david_orc_2
D:10:     layout_rooms, mainiacjoe_overflow_24_doors
D:11:     layout_irregular_city, serial_shops, nicolae_shop_advertising_works
          [nicolae_subvault_shop_adworks], uniq_erolcha
D:12:     layout_irregular_city
D:13:     layout_roguey, skrybe_vaults_entry_preservation, serial_aquarium,
          aquarium_bridge_straight [aquarium_subvault_bridge,
          aquarium_subvault_balcony, aquarium_subvault_bridge,
          aquarium_subvault_window], aquarium_window_2, aquarium_window_1,
          aquarium_window_3, aquarium_view_2e, aquarium_view_4, aquarium_pool_1,
          lightli_church_of_beogh
D:14:     layout_loops_ring, chequers_jeans
D:15:     hellmonk_depths_entry_around_the_bend, layout_rooms, nrook_uturn,
          serial_corexii_hall, corexii_hall_statues_i, chequers_hall_statues_y,
          uniq_azrael
Temple:   hc_temple_tempest_star
Lair:1:   layout_chaotic_city, chequers_serial_rivers_micro_d,
          grunt_forest_large_clearings
Lair:2:   layout_small_grid, nicolae_spider_entry_lesser_pyramids
Lair:3:   layout_hall_layers, minmay_swamp_entry_worms, serial_bayou_shore_b,
          lemuel_fruit_tree, serial_bayou_shore_b, uniq_rupert
Lair:4:   nzn_winding_woodlands_small [nzn_winding_woodlands_5x15_cabin,
          nzn_winding_woodlands_center_lodge,
          nzn_winding_woodlands_5x15_sawtooth], layout_concentric_octagons,
          serial_bayou_shore_b, lemuel_fruit_fields
Lair:5:   gammafunk_lair_ancient_temple, layout_gridlike, slime_entry_1,
          portal_ice_cave_entry_ice_simulacra, wad_woods_road_05
Swamp:1:  layout_basic_swamp, gammafunk_ghost_hydra_chop, serial_swamp_ruin,
          hangedman_swamp_ruin_wall, evilmike_swamp_ruin_rubble_1,
          evilmike_swamp_ruin_rubble_2, uniq_roxanne, uniq_jorgrun
Swamp:2:  cheibrodos_swamp_monstrosity, layout_falls_marsh,
          nicolae_swamp_trees_clearing, uniq_aizul
Swamp:3:  layout_falls_marsh, hangedman_swamp_blocks, swamp_pool_3,
          nicolae_swamp_tree_isthmus, nicolae_swamp_decorative_isthmus
Swamp:4:  swamp_old_school, layout_basic_swamp
Spider:1: layout_spider_delve
Spider:2: gammafunk_boulding_lane
Spider:3: spiders_nest_scorpion_pit, hangedman_spider_tarantella_strand
Spider:4: spider_rune_water, ebering_ghost_disaster_area
Orc:1:    orc_temple, layout_caves, uniq_fannar, uniq_snorg, uniq_sonja
Orc:2:    st_orc_rangers, layout_caves
Vaults:1: nicolae_vaults_six-pack, st_eye, nicolae_vaults_mitosis,
          hangedman_vaults_pinch, v_misc_28, nicolae_vaults_more_shelving_2,
          v_misc_24, nicolae_vaults_network_s, nicolae_vaults_cochlea,
          vaults_room_door_ring, layout_vaults_big_room, serial_shops, shop,
          nicolae_shop_tiny_real_fake_doors
Vaults:2: gammafunk_ghost_mausoleum, nicolae_vaults_more_shelving_1,
          gargoyle_guard, hangedman_vaults_nodes, v_rooms_1,
          vaults_mumra_hexcomb, v_misc_23, nicolae_vaults_arrows, v_misc_33,
          ontoclasm_vaults_pinch, minmay_crypt_entry_simple_statues,
          nicolae_vaults_tetromino_T_1, nicolae_vaults_storage_room_glass,
          nicolae_vaults_theta, nicolae_vaults_tetromino_L_2,
          ontoclasm_vaults_gateway, layout_vaults_maze, uniq_mennas,
          uniq_donald, uniq_margery

Skill      XL: |  1  2  3  4  5  6  7  8  9 10 11 12 13 14 15 16 17 18 19 |
---------------+----------------------------------------------------------+-----
Invocations    | 1 2 3 4 5 6 7 8 9 10 11 12 13 14 15 | 15.0
Short Blades   | 1 2 3 5 6 7 8 9 10 11 12 13 | 13.8
Long Blades    | 1 2 3 5 6 7 8 9 10 11 12 13 | 13.8
Maces & Flails | 1 2 3 5 6 7 8 9 10 11 12 13 | 13.8
Polearms       | 1 2 3 5 6 7 8 9 10 11 12 13 | 13.8
Staves         | 1 2 3 5 6 7 8 9 10 11 12 13 | 13.8
Ranged Weapons | 1 2 3 5 6 7 8 9 10 11 12 13 | 13.8
Throwing       | 1 2 3 5 6 7 8 9 10 11 12 13 | 13.8
Armour         | 1 2 3 5 6 7 8 9 10 11 12 13 | 13.8
Dodging        | 1 2 3 5 6 7 8 9 10 11 12 13 | 13.8
Stealth        | 1 2 3 5 6 7 8 9 10 11 12 13 | 13.8
Shields        | 1 2 3 5 6 7 8 9 10 11 12 13 | 13.8
Unarmed Combat | 1 2 3 5 6 7 8 9 10 11 12 13 | 13.8
Evocations     | 1 2 3 5 6 7 8 9 10 11 12 13 | 13.8
Spellcasting   | 3 4 5 6 7 8 9 10 11 12 13 14 | 14.1
Shapeshifting  | 1 2 3 4 5 6 7 8 9 10 11 12 | 12.7
Conjurations   | 1 2 3 4 5 6 7 8 9 10 11 | 11.7
Hexes          | 1 2 3 4 5 6 7 8 9 10 11 | 11.7
Summonings     | 1 2 3 4 5 6 7 8 9 10 11 | 11.7
Necromancy     | 1 2 3 4 5 6 7 8 9 10 11 | 11.7
Translocations | 1 2 3 4 5 6 7 8 9 10 11 | 11.7
Ice Magic      | 1 2 3 4 5 6 7 8 9 10 11 | 11.7
Air Magic      | 1 2 3 4 5 6 7 8 9 10 11 | 11.7
Earth Magic    | 1 2 3 4 5 6 7 8 9 10 11 | 11.7
Alchemy        | 1 2 3 4 5 6 7 8 9 10 11 | 11.7
Fighting       | 7 8 9 10 11 12 13 14 15 | 15.1
Axes           | 7 8 9 10 11 12 13 14 15 | 15.1
Fire Magic     | 6 7 8 9 10 11 12 | 12.9

Action                     |  1- 3 |  4- 6 |  7- 9 | 10-12 | 13-15 | 16-18 | 19-21 || total
---------------------------+-------+-------+-------+-------+-------+-------+-------++-------
  Melee: Hand axe          |    73 |    36 |   102 |     7 |    36 |    37 |    64 ||   355
         Punch             |     2 |     2 |     1 |       |       |       |       ||     5
         Bite              |     3 |     1 |    33 |    79 |   218 |   310 |   101 ||   745
         War axe           |       |       |   281 |   581 |  1510 |  1349 |       ||  3721
         Broad axe         |       |       |       |       |       |   460 |   406 ||   866
  Throw: Dart              |       |       |    13 |       |     1 |       |       ||    14
 Invoke: Foxfire Swarm     |       |     1 |     1 |       |       |       |       ||     2
         Fiery Armour      |       |     1 |       |       |       |       |       ||     1
         Heroism           |       |       |       |       |       |     4 |     1 ||     5
         Receive Armour    |       |       |       |       |       |     1 |       ||     1
         Finesse           |       |       |       |       |       |     1 |     1 ||     2
         Duel              |       |       |       |       |       |     1 |       ||     1
  Evoke: Wand              |       |       |    11 |     3 |    16 |     9 |     1 ||    40
         Phial of floods   |       |       |       |       |     2 |     1 |       ||     3
    Use: Scroll            |     1 |       |     6 |    10 |    14 |    17 |     3 ||    51
         Potion            |       |       |       |       |     6 |    10 |     3 ||    19
   Stab: Sleeping          |       |     1 |     1 |       |       |       |       ||     2
         Distracted        |       |       |       |     1 |     2 |       |       ||     3
         Petrified         |       |       |       |       |     2 |       |       ||     2
         Paralysed         |       |       |       |       |     1 |     1 |     2 ||     4
 Armour: Leather armour    |    51 |    30 |   168 |       |       |       |       ||   249
         Robe              |     3 |       |       |       |       |       |       ||     3
         Chain mail        |       |       |    40 |       |       |       |       ||    40
         Plate armour      |       |       |    38 |   659 |  1693 |  2328 |   458 ||  5176
  Dodge: Dodged            |    47 |    21 |   185 |   253 |   816 |  1453 |   270 ||  3045
  Block: Buckler           |       |       |    58 |   170 |   516 |   678 |   129 ||  1551
         Tower shield      |       |       |       |       |       |       |    85 ||    85
